 Dungeon Crawl Stone Soup version 0.31-a0-948-gf5be29c462 (webtiles) character file.

Game seed: 16964144559559576540

1385 Arzdou the Changeling (level 8, -3/56 HPs)
             Began as an Octopode Shapeshifter on Oct 21, 2023.
             Was an Initiate of Gozag.
             Slain by an ice beast (12 damage)
             ... on level 8 of the Dungeon.
             The game lasted 00:14:22 (5678 turns).

Arzdou the Changeling (Octopode Shapeshifter)       Turns: 5678, Time: 00:14:24

Health: -3/56      AC:  1    Str: 14    XL:     8   Next: 67%
Magic:  8/8        EV: 13    Int: 14    God:    Gozag
Gold:   435        SH:  0    Dex: 11    Spells: 7/7 levels left

rFire   . .          .
                       - Unarmed
rCold   . . .        (no shield)
rNeg    . . .        (helmet currently unavailable)
rPois   +            (no amulet)
rElec   .            j - ring of poison resistance
rCorr   .            (no ring)
SInv    .            (no ring)
Will    .....        (no ring)
Stlth   ++           (no ring)
HPRegen 0.29/turn    (no ring)
MPRegen 0.11/turn    (no ring)
                     (no ring)

%: no passive effects
@: beast-form
A: beast (slay +4), almost no armour, amphibious, 8 rings, camouflage 1,
gelatinous body 1, (nimble swimmer 1), tentacles
a: Begin Untransformation, Renounce Religion, Potion Petition, Call Merchant,
Bribe Branch


You were on level 8 of the Dungeon.
You worshipped Gozag.
Gozag was aware of your devotion.
You were a hulking beast.
You visited 2 branches of the dungeon, and saw 9 of its levels.

You collected 482 gold pieces.
You paid 47 gold pieces to Gozag.

Inventory:

Missiles
 r - 14 poisoned darts (quivered)
Jewellery
 j - a ring of poison resistance (left tentacle)
 u - a ring of ice
Talismans
 b - a beast talisman (active)
 c - a flux talisman
 h - a maw talisman
 l - a blade talisman
Wands
 s - a wand of quicksilver (8)
 v - a wand of paralysis (13)
Scrolls
 e - a scroll of teleportation
 g - a scroll of fog
 k - a scroll of blinking {unknown}
 m - 2 scrolls of enchant weapon
 p - a scroll of vulnerability {unknown}
 q - a scroll of poison {unknown}
Potions
 a - 3 potions of haste {unknown}
 d - a potion of heal wounds {unknown}
 f - a potion of attraction
 i - a potion of mutation {unknown}
 n - 3 potions of ambrosia
 o - 2 potions of curing
 t - a potion of enlightenment {unknown}


   Skills:
 + Level 5.6 Fighting
 - Level 2.2 Dodging
 - Level 6.0 Unarmed Combat
 - Level 7.0 Shapeshifting


You had 7 spell levels left.
You didn't know any spells.
Your spell library contained the following spells:

 Spells                   Type           Power      Damage    Failure   Level
 Necrotise                Necr           0%         1d4       28%         1
 Wereblood                Tmut           0%         N/A       41%         2
 Frozen Ramparts          Ice            0%         1d1       65%         3
 Vampiric Draining        Necr           0%         2d6       65%         3
 Petrify                  Tmut/Erth      0%         N/A       96%         4
 Agony                    Necr           0%         N/A       100%        5
 Irradiate                Conj/Tmut      0%         3d11      100%        5
 Metabolic Englaciation   Hex/Ice        0%         N/A       100%        5


Dungeon Overview and Level Annotations

Branches:
Dungeon (8/15)             Temple (1/1) D:5
   Lair: D:8-11

Altars:
Ashenzari
Elyvilon
Fedhas
Gozag
Hepliaklqana
Kikubaaqudgha
Nemelex Xobeh
Okawaru
Qazlal
Ru
Trog
Uskayaw
Vehumet
Wu Jian
Xom
Zin
The Shining One

Shops:
D:6 [:

Annotations:
D:4 Dowan, Duvessa, Edmund
D:5 Ijyb
D:6 1 exclusion


Innate Abilities, Weirdness & Mutations

You are a hulking beast.
Your limbs bulge with bestial killing power. (Slay +4)
You cannot wear most types of armour.
You are amphibious.
You can wear up to eight rings at the same time.
Your skin changes colour to match your surroundings (Stealth+).
Your rubbery body absorbs attacks. (AC +1, EV +1)
((You are camouflaged when in or above water. (Stealth+)))
You have tentacles for arms and can constrict up to eight enemies at once.


Message History

You tentacle-slap the orc.
The orc is almost dead.
You constrict the orc.
You kill the orc!
You now have 426 gold pieces (gained 7).
Things that are here:
a +0 short sword; a +0 leather armour HP restored.
There is a stone staircase leading down, spattered with blood here.
You now have 435 gold pieces (gained 9).
Done exploring.
There is a stone staircase leading down, spattered with blood here.
You climb downwards.
The ice beast hits you. The ice beast freezes you!
There is a stone staircase leading up, spattered with blood here.
You tentacle-slap the ice beast.
The ice beast is moderately wounded.
The ice beast hits you but does no damage.
You tentacle-slap the ice beast.
The ice beast is moderately wounded.
The ice beast hits you. The ice beast freezes you.
You tentacle-slap the ice beast but do no damage.
Your squeeze misses the ice beast.
The ice beast is moderately wounded.
You closely miss the ice beast.
The ice beast is moderately wounded.
The ice beast hits you. The ice beast freezes you!
You closely miss the ice beast.
The ice beast is moderately wounded.
The ice beast misses you.
You barely miss the ice beast.
The ice beast is moderately wounded.
The ice beast hits you. The ice beast freezes you!
* * * LOW HITPOINT WARNING * * *
You tentacle-slap the ice beast.
The ice beast is heavily wounded.
The ice beast hits you.
* * * LOW HITPOINT WARNING * * *
The ice beast freezes you!
You die...
Your body crumbles into a pile of gold.

###.....# #
.......#.# .
#......#. .#
####....... ..
#.........#.##
...!.........
. #...Y..#....
#h.......
###......
..... .... ###


You could see an ice beast.

Vanquished Creatures
  Grinder (D:6)
  2 ogres
  A phantom (D:4)
  3 bullfrogs
  A kobold brigand (D:6)
  A gnoll sergeant (D:7)
  3 scorpions
  2 hounds (D:5)
  A jelly (D:7)
  An orc priest (D:4)
  A gnoll bouda (D:7)
  An orc wizard (D:3)
  15 gnolls
  6 adders
  A shadow imp (D:7)
  A white imp (D:6)
  2 worms (D:2)
  A dart slug (D:1)
  7 orcs
  6 ball pythons
  3 endoplasms
  4 giant cockroaches
  6 goblins
  6 hobgoblins
  3 quokkas
  5 bats
  3 frilled lizards (D:2)
  7 kobolds
  8 rats
102 creatures vanquished.

Notes
Turn   | Place    | Note
-------+----------+-------------------------------------------
     0 | D:1      | Arzdou the Octopode Shapeshifter began the quest for the
                  | Orb.
     0 | D:1      | Reached XP level 1. HP: 13/13 MP: 1/1
   119 | D:1      | Reached XP level 2. HP: 9/18 MP: 2/2
   430 | D:1      | Reached XP level 3. HP: 23/23 MP: 3/3
   994 | D:2      | Reached XP level 4. HP: 23/28 MP: 4/4
  1276 | D:3      | Found a faded altar of an unknown god.
  1403 | D:3      | Noticed a scorpion
  1714 | D:4      | Noticed Duvessa
  1714 | D:4      | Noticed Dowan
  1819 | D:3      | Reached skill level 5 in Unarmed Combat
  1819 | D:3      | Reached XP level 5. HP: 15/33 MP: 5/5
  2139 | D:4      | Noticed a phantom
  2148 | D:4      | Killed a phantom
  2149 | D:4      | Reached XP level 6. HP: 33/38 MP: 6/6
  2174 | D:4      | Noticed Edmund
  2223 | D:5      | Entered Level 5 of the Dungeon
  2299 | D:5      | Reached skill level 4 in Shapeshifting
  2331 | D:5      | Noticed an ice beast
  2348 | D:5      | Found a staircase to the Ecumenical Temple.
  2473 | D:5      | Reached skill level 5 in Shapeshifting
  2473 | D:5      | Reached XP level 7. HP: 43/43 MP: 7/7
  2582 | D:5      | Noticed Ijyb
  2637 | Temple   | Entered the Ecumenical Temple
  2719 | Temple   | Became a worshipper of Gozag Ym Sagoz the Greedy
  2998 | D:5      | Found a sacrificial altar of Ru.
  3329 | D:6      | Noticed Grinder
  3348 | D:6      | Killed Grinder
  3349 | D:6      | Reached skill level 6 in Shapeshifting
  3436 | D:6      | Noticed a steam dragon
  3451 | D:6      | Found Ceavuam's Antique Armour Emporium.
  3588 | D:6      | Reached skill level 7 in Shapeshifting
  3588 | D:6      | Reached XP level 8. HP: 31/48 MP: 8/8
  4004 | D:6      | Found Wiogan's Book Boutique.
  5263 | D:7      | Reached skill level 5 in Fighting
  5678 | D:8      | Slain by an ice beast

Illustrated notes

Levels and vault maps discovered:
D:1:      wander_arrival_fairy_ring, layout_loops_ring, serial_bayou_pond_e
D:2:      layout_rooms, chequers_serial_rivers_room_a, st_stairs_5,
          minmay_tetromino_t4
D:3:      layout_rooms, hellmonk_ecumenical_altar_run_dry
D:4:      layout_loops_ring, uniq_edmund, uniq_natasha, uniq_duvessa
D:5:      layout_loops_ring, mainiacjoe_overflow_alcove_2,
          minmay_temple_entry_stoned_glass, minmay_misc_feat_columns, uniq_ijyb
D:6:      nicolae_cairo_tiling_very_big, layout_basic, serial_shops, shop,
          nicolae_shop_stone, uniq_grinder
D:7:      layout_gridville, hangedman_decor_slide_cut, grunt_ministairs_15
D:8:      layout_basic, kennysheep_slug_shrine, nicolae_overflow_hidden_temple
Temple:   minmay_temple_bridge_d

Skill      XL: |  1  2  3  4  5  6  7  8 |
---------------+-------------------------+-----
Unarmed Combat | 4 5 6 |  6.0
Shapeshifting  | 5 7 |  7.0
Fighting       | 5 |  5.6
Dodging        | |  2.2

Action                     |  1- 3 |  4- 6 |  7- 9 || total
---------------------------+-------+-------+-------++-------
  Melee: Unarmed           |    77 |    74 |    92 ||   243
         Tentacles         |    17 |    16 |    20 ||    53
         Constrict         |    15 |    20 |    24 ||    59
         Punch             |     3 |     6 |     6 ||    15
    Use: Scroll            |       |     6 |     1 ||     7
         Potion            |       |       |     1 ||     1
   Stab: Sleeping          |     2 |     6 |     1 ||     9
 Armour: Skin              |    29 |    35 |    54 ||   118
  Dodge: Dodged            |    43 |    47 |    53 ||   143

Table legend: (Time is in decaauts)
 A = Elapsed time spent in this place.
 B = Non-inter-level travel time spent in this place.
 C = Inter-level travel time spent in this place.
 D = Time resting spent in this place.
 E = Time spent auto-exploring this place.
 F = Levels seen in this place.
 G = Mean time per level.
                   A        B        C        D        E       F      G
               +--------+--------+--------+--------+--------+-----+--------+
         Total |   5656 |   5009 |    647 |      0 |   4177 |   9 |  628.4 |
       Dungeon |   5500 |   4997 |    503 |      0 |   4177 |   8 |  687.5 |
        Temple |    155 |     11 |    144 |      0 |      0 |   1 |  155.0 |
               +--------+--------+--------+--------+--------+-----+--------+

Top non-repeatable levels by time:
     D:7: 1406 daAuts
     D:6: 1008 daAuts
     D:5: 858 daAuts
     D:1: 695 daAuts
     D:3: 624 daAuts
     D:2: 556 daAuts
     D:4: 337 daAuts
  Temple: 155 daAuts
     D:8: 13 daAuts
